 Dungeon Crawl Stone Soup version 0.22-a0-75-g1fede22 (webtiles) character file.

224 KristoblXynda the Slasher (level 5, 0/57 HPs)
             Began as a Demonspawn Gladiator on Jan 12, 2018.
             Slain by an orc priest
             ... wielding a +0 club
              (3 damage)
             ... on level 3 of the Dungeon.
             The game lasted 00:03:21 (2600 turns).

KristoblXynda the Slasher (Demonspawn Gladiator)    Turns: 2600, Time: 00:03:22

Health: 0/57       AC: 22    Str: 15    XL:     5   Next: 67%
Magic:  5/5        EV:  2    Int: 10    God:
Gold:   167        SH:  0    Dex: 19    Spells: 4/4 levels left

rFire    . . .     SeeInvis .   a - +0 long sword
rCold    . . .     Gourm    .   (no shield)
rNeg     + + +     Faith    .   (armour currently unavailable)
rPois    +         Spirit   .   (helmet currently unavailable)
rElec    .         Reflect  .   (cloak currently unavailable)
rCorr    .         Harm     .   (gloves currently unavailable)
MR       .....     NoTele   +   (boots currently unavailable)
Stlth    +++.......             (no amulet)
HPRegen  0.19/turn              n - ring of flight
MPRegen  0.09/turn              (no ring)

@: agile, tree-form
A: no striking features
a: no special abilities


You were on level 3 of the Dungeon.
You were not hungry.
You were a tree.
You visited 1 branch of the dungeon, and saw 3 of its levels.

You collected 167 gold pieces.

Inventory:

Hand Weapons
 a - a +0 long sword (weapon)
Missiles
 d - 3 throwing nets (quivered)
Armour
 c - a +0 helmet (melded)
 o - a +0 pair of boots (melded)
 p - a +0 scale mail (melded)
Jewellery
 n - a ring of flight (left branch)
Wands
 s - a wand of enslavement (12)
Scrolls
 g - a scroll of identify
 i - a scroll of immolation {unknown}
 k - 5 scrolls of teleportation {unknown}
 m - 2 scrolls of remove curse {unknown}
 q - a scroll of fear {unknown}
 r - a scroll of random uselessness {unknown}
Potions
 b - a potion of might {unknown}
 e - a potion of agility
 h - a potion of invisibility {unknown}
 t - a potion of flight {unknown}
Comestibles
 f - 4 rations


   Skills:
 - Level 2.0 Fighting
 + Level 4.0 Long Blades
 - Level 2.2 Throwing
 + Level 2.3 Armour
 + Level 4.0 Dodging


You had 4 spell levels left.
You didn't know any spells.

Dungeon Overview and Level Annotations

Branches:
Dungeon (3/15)

Altars:


Innate Abilities, Weirdness & Mutations

((You are partially covered in iridescent scales. (AC +2)))


Message History

The orc priest hits you with a club.
You closely miss the orc priest.
The orc priest is heavily wounded.
The orc priest mumbles some strange prayers to Beogh against you.
Beogh smites you!
* * * LOW HITPOINT WARNING * * *
You hit the orc priest.
The orc priest is almost dead.
The orc priest calls down the wrath of Beogh upon you.
Pain shoots through your body!
* * * LOW HITPOINT WARNING * * *
You turn into a tree.
Your +0 helmet melds into your body.
Your +0 pair of boots melds into your body.
Your +0 scale mail melds into your body.
Your roots penetrate the ground.
The orc priest hits you but does no damage.
You hit the orc priest.
The orc priest is almost dead.
The orc priest hits you with a club.
You die...

######## ########<.....#
.......'......+ #
########......####
#.########....(....<†....
#.....oo♣................
#####..S###.......#.......
#.......# #######+#.######
#.###...# ...# #...# ....#
#### ###o### .....# #..
#...## ...... ...
###..#..... #.# #.........
#.#


You could see an orc priest, an adder and an orc.

Vanquished Creatures
  A water moccasin (D:3)
  5 adders
  An ooze (D:3)
  3 dart slugs
  3 worms
  3 leopard geckos
  An orc (D:3)
  2 giant cockroaches
  6 goblins
  3 hobgoblins
  3 jackals (D:1)
  12 kobolds
  A quokka (D:3)
  A ball python (D:1)
  6 bats
  3 frilled lizards
  5 rats
59 creatures vanquished.

Notes
Turn   | Place    | Note
-------+----------+-------------------------------------------
     0 | D:1      | KristoblXynda the Demonspawn Gladiator began the quest for the Orb.
     0 | D:1      | Reached XP level 1. HP: 16/16 MP: 1/1
   132 | D:1      | Gained mutation: You are partially covered in iridescent scales. (AC +2) [demonic ancestry]
   132 | D:1      | Reached XP level 2. HP: 18/22 MP: 2/2
   992 | D:2      | Reached XP level 3. HP: 25/27 MP: 3/3
  1156 | D:2      | Reached skill level 1 in Armour
  1230 | D:2      | Reached XP level 4. HP: 18/33 MP: 4/4
  2566 | D:3      | Noticed a water moccasin
  2594 | D:3      | Killed a water moccasin
  2594 | D:3      | Reached XP level 5. HP: 21/38 MP: 5/5
  2600 | D:3      | Slain by an orc priest

Vault maps used:
D:1:      dpeg_arrival_leaves_temple_mockup
D:2:      first_ration, minivault_4, minmay_randomly_rotated_circles
D:3:      lemuel_crystal_altar, minmay_quantized

Skill      XL: |  1  2  3  4 |
---------------+-------------+-----
Throwing       | 2 |  2.2
Long Blades    | 3 4 |  4.0
Dodging        | 3 4 |  4.0
Armour         | 1 2 |  2.3
Fighting       | |  2.0

Action                   |  1- 3 |  4- 6 || total
-------------------------+-------+-------++-------
Melee: Long sword        |   109 |    95 ||   204
  Use: Scroll            |       |     3 ||     3
       Potion            |       |     4 ||     4
  Eat: Chunk             |     1 |     2 ||     3
       Ration            |       |     1 ||     1
Armor: Leather armour    |    48 |       ||    48
       Scale mail        |    21 |    37 ||    58
       Skin              |       |    16 ||    16
Dodge: Dodged            |    96 |    45 ||   141
       Rpst.: Long sword |    31 |    16 ||    47

Table legend:
 A = Spawn XP
 B = Non-spawn XP
 C = Spawn XP percentage of total XP
 D = Spawn monster count
 E = Non-spawn monster count
 F = Spawn count percentage of total count
 G = Total turns spent on level
                    A         B        C        D         E        F      G
               +---------+---------+-------+---------+---------+-------+---------
         Total |       0 |     320 |   0.0 |       0 |      59 |   0.0 |  2600
               +---------+---------+-------+---------+---------+-------+---------
           D:1 |       0 |      33 |   0.0 |       0 |      21 |   0.0 |   837
           D:2 |       0 |      76 |   0.0 |       0 |      20 |   0.0 |  1251
           D:3 |       0 |     211 |   0.0 |       0 |      18 |   0.0 |   512
               +---------+---------+-------+---------+---------+-------+---------
